 Dungeon Crawl Stone Soup version 0.22-a0-833-g8522bf8125 (webtiles) character file.

185 LLavrengius the Changer (level 5, -4/35 HPs)
             Began as an Octopode Transmuter on July 25, 2018.
             Slain by an orc warrior
             ... wielding a +0 hand axe
              (16 damage)
             ... on level 3 of the Dungeon.
             The game lasted 00:13:36 (3903 turns).

LLavrengius the Changer (Octopode Transmuter)       Turns: 3903, Time: 00:13:37

Health: -4/35      AC:  2    Str:  9    XL:     5   Next: 64%
Magic:  5/8        EV: 19    Int: 17    God:
Gold:   123        SH:  0    Dex: 17    Spells: 2/8 levels left

rFire    . . .     SeeInvis .     - Unarmed
rCold    . . .     Gourm    .   (shield currently unavailable)
rNeg     . . .     Faith    .   (helmet currently unavailable)
rPois    x         Spirit   .   (no amulet)
rElec    .         Reflect  .   (no ring)
rCorr    .         Harm     .   (no ring)
MR       .....                  (no ring)
Stlth    ++........             (no ring)
HPRegen  0.11/turn              (no ring)
MPRegen  0.11/turn              (no ring)
                                (no ring)
                                (no ring)

@: spider-form, starving
A: tiny, almost no armour, stealthy swim, (amphibious), 8 rings, (constrict 8)
a: End Transformation


You were on level 3 of the Dungeon.
You were starving.
You were a venomous arachnid creature.
You visited 1 branch of the dungeon, and saw 4 of its levels.

You collected 123 gold pieces.

Inventory:

Hand Weapons
 l - a +0 halberd (melded)
Missiles
 a - 15 arrows
 f - 15 stones
 o - 2 throwing nets (quivered)
 r - 6 curare-tipped needles
Jewellery
 m - a cursed ring of teleportation {unknown}
 p - an uncursed ring of resist corrosion {unknown}
Scrolls
 b - 8 scrolls of identify {unknown}
 d - a scroll of noise {unknown}
 e - a scroll of fog {unknown}
 g - 2 scrolls of magic mapping {unknown}
 h - 2 scrolls of amnesia {unknown}
 i - 3 scrolls of remove curse {unknown}
 k - 3 scrolls of teleportation {unknown}
 q - a scroll of fear {unknown}
 t - a scroll of immolation {unknown}
Potions
 j - 2 potions of curing {unknown}
 n - a potion of haste {unknown}
Comestibles
 c - 8 rations


   Skills:
 + Level 2.6 Fighting
 - Level 2.0 Dodging
 + Level 3.9 Unarmed Combat
 - Level 2.0 Spellcasting
 - Level 4.0 Transmutations
 * Level 1.5 Poison Magic


You had 2 spell levels left.
You knew the following spells:

 Your Spells              Type           Power        Failure   Level  Hunger
a - Beastly Appendage     Tmut           ###...       12%         1    #......
b - Sticks to Snakes      Tmut           ###.....     16%         2    ###....
c - Spider Form           Tmut/Pois      ##........   38%         3    ###....

Your spell library contained the following spells:

 Spells                   Type           Power        Failure   Level  Hunger
 Blade Hands              Tmut           ###.......   87%         5    ######.
 Ice Form                 Ice/Tmut       #.......     82%         4    #####..


Dungeon Overview and Level Annotations

Branches:
Dungeon (4/15)
 Temple: D:4-7

Altars:
Nemelex Xobeh
Ru


Innate Abilities, Weirdness & Mutations

You cannot wear most types of armour.
You are very stealthy in the water. (Stealth+)
((You are amphibious.))
You can wear up to eight rings at the same time.
((You can use your tentacles to constrict eight enemies at once.))
((Your skin changes colour to match your surroundings (Stealth+).))
((Your rubbery body absorbs attacks. (AC +1, EV +1)))


Message History

There is a stone staircase leading up here.
There is a stone staircase leading up here.
There is a stone staircase leading up here.
There is a stone staircase leading up here.
The orc warrior hits you with a hand axe!
* * * LOW HITPOINT WARNING * * *
There is a stone staircase leading up here.
Casting: Sticks to Snakes (safe; 5% risk of failure)
Confirm with . or Enter, or press ? or * to list all spells.
You turn into a venomous arachnid creature.
Your +0 halberd melds into your body.
You are starving!
The orc warrior closely misses you.
You hit the orc warrior but do no damage.
The orc warrior is poisoned.
The orc warrior completely misses you.
You hit the orc warrior but do no damage.
The orc warrior looks even sicker.
The orc warrior is lightly wounded.
The orc warrior hits you with a hand axe!
You die...

############ #.<........#
#.###.####.#####
#########.##...###.....#
#.......#.#.....######>#
#.#####...os...## #<# ###.#
#.#.#.#.## #.# #...# #<).#.#.#
#.# #...# #..##.#.# #.#
#...#####..##.#'## #.#####
#..........##....## #......
#..##.##..........## #.#####
#..##.###..#.......## #...###
####...................####..#.##


You could see an orc warrior.

Vanquished Creatures
  Natasha (twice) (D:3)
  A worker ant zombie (D:3)
  2 gnolls (D:2)
  4 adders
  A worm (D:3)
  3 dart slugs
  A leopard gecko (D:3)
  7 orcs
  A ball python (D:2)
  6 bats
  2 giant cockroaches (D:3)
  6 goblins
  4 hobgoblins
  5 kobolds
  A quokka (D:2)
  6 frilled lizards
  7 rats
59 creatures vanquished.

Vanquished Creatures (collateral kills)
  2 gnolls (D:2)
  A kobold (D:2)
3 creatures vanquished.

Vanquished Creatures (others)
  An orc priest (D:4)
  An orc (D:4)
2 creatures vanquished.

Grand Total: 64 creatures vanquished

Notes
Turn   | Place    | Note
-------+----------+-------------------------------------------
     0 | D:1      | LLavrengius the Octopode Transmuter began the quest for the Orb.
     0 | D:1      | Reached XP level 1. HP: 13/13 MP: 3/3
   306 | D:1      | Reached XP level 2. HP: 15/18 MP: 5/5
   884 | D:1      | Learned a level 2 spell: Sticks to Snakes
   913 | D:2      | Reached XP level 3. HP: 21/23 MP: 4/6
   918 | D:2      | Learned a level 3 spell: Spider Form
  1098 | D:2      | Reached skill level 3 in Transmutations
  1391 | D:2      | Reached XP level 4. HP: 13/29 MP: 1/7
  2379 | D:3      | Found a sacrificial altar of Ru.
  2379 | D:3      | Found a sparkling altar of Nemelex Xobeh.
  2654 | D:3      | Noticed Natasha
  2666 | D:3      | Killed Natasha
  2666 | D:3      | Reached skill level 4 in Transmutations
  2666 | D:3      | Reached XP level 5. HP: 18/35 MP: 8/8
  3305 | D:3      | Noticed Natasha
  3311 | D:3      | Killed Natasha
  3311 | D:3      | Reached skill level 1 in Poison Magic
  3528 | D:4      | Noticed an orc warrior
  3532 | D:4      | Noticed an ogre
  3903 | D:3      | Slain by an orc warrior

Vault maps used:
D:1:      dpeg_arrival_concentric_ovals
D:2:      minmay_pentomino_t2
D:3:      gammafunk_temple_overflow_elements, uniq_natasha
D:4:      serial_shops, kennysheep_mini_moat, st_stairs_13,
          minmay_misc_feat_ornament, grunt_decor_mini_mirrors,
          lemuel_flame_loot_1, uniq_edmund

Skill      XL: |  1  2  3  4  5 |
---------------+----------------+-----
Transmutations | 3 4 |  4.0
Fighting       | 2 |  2.6
Poison Magic   | 1 |  1.5
Dodging        | |  2.0
Unarmed Combat | |  3.9
Spellcasting   | |  2.0

Action                   |  1- 3 |  4- 6 || total
-------------------------+-------+-------++-------
Melee: Unarmed           |    50 |     6 ||    56
       Constrict         |    15 |    16 ||    31
       Tentacles         |     8 |     8 ||    16
       Kick              |     8 |    13 ||    21
       Punch             |     1 |     1 ||     2
       Halberd           |     2 |    56 ||    58
 Cast: Beastly Appendage |    19 |    14 ||    33
       Sticks to Snakes  |     7 |     9 ||    16
       Spider Form       |       |     2 ||     2
 Stab: Sleeping          |     3 |     4 ||     7
  Eat: Chunk             |     2 |     7 ||     9
Armor: Skin              |     4 |     3 ||     7
Dodge: Dodged            |    33 |    33 ||    66

Table legend:
 A = Spawn XP
 B = Non-spawn XP
 C = Spawn XP percentage of total XP
 D = Spawn monster count
 E = Non-spawn monster count
 F = Spawn count percentage of total count
 G = Total turns spent on level
                    A         B        C        D         E        F      G
               +---------+---------+-------+---------+---------+-------+---------
         Total |       0 |     265 |   0.0 |       0 |      62 |   0.0 |  3903
               +---------+---------+-------+---------+---------+-------+---------
           D:1 |       0 |      28 |   0.0 |       0 |      20 |   0.0 |   885
           D:2 |       0 |      91 |   0.0 |       0 |      21 |   0.0 |  1471
           D:3 |       0 |     143 |   0.0 |       0 |      20 |   0.0 |  1538
           D:4 |       0 |       3 |   0.0 |       0 |       1 |   0.0 |     9
               +---------+---------+-------+---------+---------+-------+---------
